 Dungeon Crawl Stone Soup version 0.30-b1-2-g02819fbbbe (webtiles) character file.

Game seed: 2958140322195592654

18262 MajorAdolf the Destroyer (level 12, -23/91 HPs)
             Began as a Naga Wanderer on Sept 3, 2023.
             Was an Initiate of Gozag.
             Killed from afar by a tengu reaver (53 damage)
             ... with a bolt of acid
             ... on level 12 of the Dungeon.
             The game lasted 00:52:35 (17295 turns).

MajorAdolf the Destroyer (Naga Wanderer)           Turns: 17295, Time: 00:52:36

Health: -23/91     AC: 15    Str: 16    XL:     12   Next: 56%
Magic:  5/13       EV:  9    Int: 20    God:    Gozag
Gold:   2787       SH:  9    Dex: 13    Spells: 2/13 levels left

rFire   . . .        F - staff of conjuration
rCold   . . .        b - +3 buckler {AC+3}
rNeg    . . .        m - +0 robe
rPois   +            q - +0 helmet
rElec   .            K - +0 cloak
rCorr   .            c - +0 pair of gloves
SInv    +            (no barding)
Will    +....        a - amulet of magic regeneration
Stlth   ++           g - +4 ring of protection
HPRegen 0.35/turn    y - +6 ring of intelligence
MPRegen 0.53/turn

%: no passive effects
@: gold aura, very slow
A: AC +4, large, see invisible, deformed body, poison resistance, slowness 2,
spit poison 1, naga tail 1
a: Spit Poison, Renounce Religion, Potion Petition, Call Merchant, Bribe Branch


You were on level 12 of the Dungeon.
You worshipped Gozag.
Gozag was most pleased with you.
You visited 3 branches of the dungeon, and saw 14 of its levels.
You also visited: Sewer and Bailey.

You collected 3212 gold pieces.
You spent 360 gold pieces at shops.
You paid 65 gold pieces to Gozag.

Inventory:

Hand Weapons
 p - a +1 short sword of holy wrath
 r - a +3 dagger
 G - a +2 vampiric dagger
 L - a +1 flail of holy wrath
 O - a +2 quick blade of venom
 Q - a +0 broad axe
Missiles
 i - 4 throwing nets
 C - 22 poisoned darts
Armour
 b - a +3 buckler of protection (worn)
 c - a +0 pair of gloves (worn)
 m - a +0 robe (worn)
 q - a +0 helmet (worn)
 t - the +6 chain mail of the Trees {rPois rC+}
   (You found it on level 3 of the Dungeon)

   rC:        It protects you from cold.
   rPois:     It protects you from poison.
 K - a +0 cloak (worn)
 M - a +4 chain mail of willpower
 T - a +0 kite shield of resistance
Magical Staves
 x - a staff of air
 F - a staff of conjuration (weapon)
Jewellery
 a - an amulet of magic regeneration (around neck)
 g - a +4 ring of protection (left hand)
 o - a ring of fire
 y - a +6 ring of intelligence (right hand)
 Y - a +6 ring of dexterity
Wands
 u - a wand of iceblast (14)
 D - a wand of flame (19)
 I - a wand of polymorph (9)
 W - a wand of mindburst (5)
Scrolls
 d - a scroll of teleportation
 k - a scroll of summoning
 l - a scroll of silence
 B - a scroll of magic mapping
 J - 3 scrolls of poison
 S - a scroll of fog
 V - a scroll of enchant armour
 Z - a scroll of fear
Potions
 e - 5 potions of flight
 f - 4 potions of brilliance
 h - 5 potions of heal wounds
 j - 2 potions of ambrosia
 n - 2 potions of resistance
 s - 5 potions of might
 v - a potion of invisibility
 w - 5 potions of lignification
 z - 4 potions of curing
 A - 4 potions of degeneration
 P - a potion of experience
 R - a potion of magic
 U - a potion of haste {unknown}


   Skills:
 - Level 1.0 Fighting
 - Level 1.0 Armour
 - Level 1.0 Dodging
 - Level 1.5 Stealth
 + Level 9.2 Shields
 - Level 4.0 Unarmed Combat
 - Level 1.0 Spellcasting
 + Level 12.4 Conjurations
 + Level 11.3 Hexes
 - Level 6.0 Translocations


You had 2 spell levels left.
You knew the following spells:

 Your Spells              Type           Power      Damage    Failure   Level
a - Momentum Strike       Conj/Tloc      100%       3d10      1%          2
b - Blink                 Tloc           50%        N/A       2%          2
c - Fulminant Prism       Conj/Hex       32%        3d16      1%          4
d - Confusing Touch       Hex            46%        N/A       1%          3

Your spell library contained the following spells:

 Spells                   Type           Power      Damage    Failure   Level
 Slow                     Hex            100%       N/A       1%          1
 Summon Small Mammal      Summ           4%         N/A       21%         1
 Cigotuvi's Dreadful Rot  Necr/Pois/Air  2%         N/A       30%         2
 Dazzling Flash           Conj/Hex       100%       N/A       1%          3
 Iskenderun's Mystic Bla  Conj/Tloc      54%        2d12      4%          4
 Summon Guardian Golem    Hex/Summ       23%        N/A       6%          3
 Volatile Blastmotes      Fire/Tloc      26%        2d12      19%         3
 Anguish                  Hex/Necr       11%        N/A       21%         4
 Silence                  Hex/Air        11%        N/A       50%         5
 Call Canine Familiar     Summ           1%         N/A       52%         3
 Ignite Poison            Fire/Tmut/Pois 1%         N/A       52%         3
 Vampiric Draining        Necr           1%         2d6       52%         3
 Freezing Cloud           Conj/Ice/Air   13%        6-21      71%         5
 Enfeeble                 Hex            23%        N/A       86%         7
 Olgreb's Toxic Radiance  Pois           1%         N/A       90%         4
 Agony                    Necr           1%         N/A       99%         5
 Lee's Rapid Deconstruct  Erth           0%         3d4*      99%         5
 Discord                  Hex            23%        N/A       100%        8
 Ignition                 Fire           0%         3d3       100%        8


Dungeon Overview and Level Annotations

Branches:
Dungeon (12/15)            Temple (1/1) D:4            Lair (1/5) D:8
    Orc (0/2) D:9           Sewer (visited)          Bailey (visited)

Altars:
Ashenzari
Cheibriados
Dithmenos
Elyvilon
Fedhas
Gozag
Hepliaklqana
Kikubaaqudgha
Makhleb
Nemelex Xobeh
Okawaru
Qazlal
Ru
Sif Muna
Trog
Uskayaw
Vehumet
Wu Jian
Xom
Yredelemnul
Zin
The Shining One

Shops:
D:1 =

Annotations:
D:10 3 runed translucent doors, Killmatronix's ghost, journeyman TrMo; NimIero's ghost, journeyman DrEE


Innate Abilities, Weirdness & Mutations

Your serpentine skin is tough. (AC +4)
You have supernaturally acute eyesight. (SInv)
Armour fits poorly on your strangely shaped body.
Your system is resistant to poisons. (rPois)
You cover ground very slowly.
You can spit poison.
You have a snake-like lower body.


Message History

Unknown command.
Casting: Fulminant Prism (mildly dangerous; 1% risk of failure)
Confirm with . or Enter, or press ? or * to list all spells.
Aiming: Fulminant Prism (mildly dangerous; 1% risk of failure)
Press: ? - help, Dir - move target You feel a surge of power!
You conjure a prism of explosive energy!
A fulminant prism comes into view.
The killer bee stings you but does no damage.
You block the killer bee's attack.
The tengu reaver gestures at you while chanting.
The bolt of lightning hits the killer bee!!!
The killer bee dies!
The bolt of lightning hits you!!!
You hear a horrible gurgling sound!
The tengu reaver points at you and mumbles some strange words.
The bolt of lightning hits you!
Your fulminant prism crackles loudly.
You hear a horrible gurgling sound!
The tengu reaver points at you and mumbles some strange words.
The bolt of fire hits you!
Your fulminant prism explodes!
The blast of energy engulfs the tengu reaver!!
The tengu reaver is heavily wounded.
You hear a horrible gurgling sound!
Unknown command.
Unknown command.
Casting: Fulminant Prism (mildly dangerous; 1% risk of failure)
Confirm with . or Enter, or press ? or * to list all spells.
Aiming: Fulminant Prism (mildly dangerous; 1% risk of failure)
Press: ? - help, Dir - move target You feel a surge of power!
You conjure a prism of explosive energy!
A fulminant prism comes into view.
Unknown command.
The tengu reaver casts a spell at you. The bolt of acid hits you!!!
Ouch! That really hurt!
You die...
Your body crumbles into a pile of gold.

###############
(.............#
#.$........#
#...$@.....#
#....$.....#
#...)......#
#......*...#
#....Q..[..#
#...$[.....#
#..........#
#.!........#
#..........#


You could see a tengu reaver (ally target) and a friendly fulminant prism.

Vanquished Creatures
  A centaur warrior (D:11)
  An orc high priest (Bailey)
  2 two-headed ogres
  A boulder beetle (D:11)
  Nergalle (D:11)
  2 ugly things
  2 manticores (D:12)
  A cyclops (D:11)
  An elephant (D:8)
  2 gargoyles (D:11)
  A kobold demonologist (Bailey)
  A tengu conjurer (D:12)
  2 trolls (D:10)
  2 meliai (D:12)
  A wyvern (D:8)
  6 wraiths
  2 vampires
  19 yaks
  2 steam dragons
  2 basilisks (D:8)
  Edmund (D:5)
  A vampire mosquito (D:12)
  2 acid dragons
  11 orc warriors
  3 black bears
  2 ogres
  2 phantoms (D:5)
  5 centaurs
  2 kobold brigands
  10 bullfrogs
  6 scorpions
  23 killer bees
  3 howler monkeys (D:6)
  4 electric eels (Bailey)
  4 hounds
  2 orc priests
  2 gnoll boudas
  2 sleepcaps
  8 iguanas
  Ijyb (D:4)
  Terence (D:2)
  7 orc wizards
  Robin (D:2)
  10 gnolls
  15 adders
  A shadow imp (D:7)
  2 ufetubi
  2 worms
  5 dart slugs
  39 orcs
  7 bats
  15 endoplasms
  9 giant cockroaches
  16 goblins
  10 hobgoblins
  3 jackals
  11 kobolds
  16 quokkas
  15 ball pythons
  13 frilled lizards
  7 rats
351 creatures vanquished.

Vanquished Creatures (others)
  A killer bee (D:12)
  206 fulminant prisms
  6 fungi
  3 plants (D:8)
  6 withered plants (D:10)
222 creatures vanquished.

Grand Total: 573 creatures vanquished

Notes
Turn   | Place    | Note
-------+----------+-------------------------------------------
     0 | D:1      | MajorAdolf the Naga Wanderer began the quest for the Orb.
     0 | D:1      | MajorAdolf set off with the following items: a +0 club, a
                  | potion of invisibility, a +0 pair of gloves, a scroll of
                  | teleportation, a +0 leather armour, a potion of brilliance;
                  | and the following spells available to memorise: Blink,
                  | Momentum Strike.
     0 | D:1      | Reached XP level 1. HP: 18/18 MP: 2/2
   224 | D:1      | Reached XP level 2. HP: 23/25 MP: 3/3
   280 | D:1      | Found Ivaycs's Jewellery Shoppe.
   363 | D:1      | Learned a level 2 spell: Momentum Strike
   643 | D:1      | Reached XP level 3. HP: 28/31 MP: 4/4
   983 | D:2      | Reached skill level 1 in Conjurations
  1015 | D:2      | Noticed Robin
  1144 | D:2      | Learned a level 2 spell: Blink
  1622 | D:2      | Killed Robin
  1623 | D:2      | Reached XP level 4. HP: 38/38 MP: 1/5
  1767 | D:2      | Found a faded altar of an unknown god.
  1950 | D:2      | Reached skill level 2 in Conjurations
  2058 | D:2      | Noticed Terence
  2060 | D:2      | Killed Terence
  2212 | D:2      | Reached XP level 5. HP: 36/44 MP: 6/6
  2241 | D:3      | Identified the +6 chain mail of the Trees {rPois rC+}
  2390 | D:3      | Found a glowing drain.
  2394 | Sewer    | Entered a sewer
  2426 | Sewer    | Reached skill level 3 in Conjurations
  2752 | Sewer    | Reached XP level 6. HP: 50/51 MP: 7/7
  3094 | Sewer    | Reached skill level 4 in Conjurations
  3094 | Sewer    | Reached skill level 5 in Translocations
  3767 | D:3      | Found an ornate altar of the Wu Jian Council.
  4122 | D:4      | Found a staircase to the Ecumenical Temple.
  4308 | D:4      | Found a sparkling altar of Nemelex Xobeh.
  4319 | D:4      | Reached XP level 7. HP: 55/57 MP: 4/8
  4495 | Temple   | Entered the Ecumenical Temple
  4565 | Temple   | Became a worshipper of Gozag Ym Sagoz the Greedy
  4662 | D:4      | Reached skill level 5 in Conjurations
  4829 | D:4      | Noticed Ijyb
  4839 | D:4      | Killed Ijyb
  5081 | D:4      | Found a sacrificial altar of Ru.
  5094 | D:4      | Learned a level 4 spell: Fulminant Prism
  5101 | D:4      | Found a shimmering altar of Xom.
  5101 | D:4      | Found a radiant altar of Vehumet.
  5101 | D:4      | Found a glowing golden altar of the Shining One.
  5109 | D:4      | Found an ancient bone altar of Kikubaaqudgha.
  5110 | D:4      | Found an iron altar of Okawaru.
  5151 | D:5      | Entered Level 5 of the Dungeon
  5187 | D:5      | Reached skill level 1 in Hexes
  5482 | D:5      | Reached XP level 8. HP: 64/64 MP: 9/9
  5580 | D:5      | Noticed Edmund
  5620 | D:5      | Killed Edmund
  5621 | D:5      | Reached skill level 6 in Conjurations
  6531 | D:5      | Noticed a yak
  6552 | D:5      | Killed a yak
  6553 | D:5      | Reached skill level 7 in Conjurations
  6591 | D:5      | Reached skill level 5 in Hexes
  6843 | D:6      | Reached XP level 9. HP: 68/70 MP: 8/10
  6896 | D:6      | Reached skill level 1 in Shields
  7091 | D:1      | Bought a +6 ring of intelligence for 360 gold pieces
  7482 | D:6      | Found a stormy altar of Qazlal.
  7756 | D:6      | Reached skill level 8 in Conjurations
  8697 | D:6      | Reached XP level 10. HP: 39/78 MP: 7/11
  8856 | D:7      | Reached skill level 9 in Conjurations
  9200 | D:7      | Found a hazy altar of Hepliaklqana.
  9361 | D:8      | Noticed a brown ugly thing
  9374 | D:8      | Found a staircase to the Lair.
  9374 | D:8      | Noticed an elephant
  9390 | Lair:1   | Entered Level 1 of the Lair of Beasts
  9588 | D:8      | Killed an elephant
  9703 | D:8      | Reached skill level 5 in Shields
  9954 | D:8      | Killed a brown ugly thing
 10784 | D:8      | Found a shimmering blue altar of Sif Muna.
 11056 | D:9      | Reached skill level 10 in Conjurations
 11113 | D:9      | Noticed a two-headed ogre
 11146 | D:9      | Found a staircase to the Orcish Mines.
 11181 | D:9      | Found a flagged portal.
 11190 | Bailey   | Entered a bailey
 11268 | Bailey   | Learned a level 3 spell: Confusing Touch
 11342 | Bailey   | Reached XP level 11. HP: 50/84 MP: 3/12
 12025 | Bailey   | Noticed an orc high priest
 12437 | Bailey   | Killed an orc high priest
 12507 | Bailey   | Found an iron altar of Okawaru.
 12790 | D:9      | Killed a two-headed ogre
 13064 | D:9      | Reached skill level 11 in Conjurations
 13426 | D:10     | Entered Level 10 of the Dungeon
 13427 | D:10     | Acquired a +0 kite shield of resistance
 13436 | D:10     | Acquired a +2 quick blade of venom
 13650 | D:10     | Noticed a two-headed ogre
 13651 | D:10     | Reached skill level 10 in Hexes
 13961 | D:10     | Killed a two-headed ogre
 14142 | D:10     | Found a broken altar of Ashenzari.
 14232 | D:10     | Found a runed translucent gate.
 14233 | D:10     | Found a runed translucent gate.
 14234 | D:10     | Found a runed translucent gate.
 14249 | D:10     | Noticed Killmatronix's ghost (journeyman TrMo)
 14249 | D:10     | Noticed NimIero's ghost (journeyman DrEE)
 14606 | D:11     | Noticed a purple ugly thing
 14615 | D:11     | Killed a purple ugly thing
 14648 | D:11     | Noticed Nergalle
 14650 | D:11     | Noticed a cyclops
 14651 | D:11     | Reached XP level 12. HP: 51/91 MP: 8/13
 14941 | D:11     | Noticed a centaur warrior
 14950 | D:11     | Killed a centaur warrior
 15022 | D:11     | Killed Nergalle
 15558 | D:11     | Reached skill level 12 in Conjurations
 15688 | D:11     | Noticed a boulder beetle
 15713 | D:11     | Killed a boulder beetle
 15853 | D:11     | Acquired 842 gold pieces
 16333 | D:12     | Noticed a boulder beetle
 17152 | D:12     | Noticed a tengu reaver
 17295 | D:12     | Killed from afar by a tengu reaver

Illustrated notes

Levels and vault maps discovered:
D:1:      psy_arrival_fountain, layout_basic, serial_shops, shop,
          item_on_display_a
D:2:      layout_basic, ebering_ecumenical_altar_mist, uniq_robin, uniq_terence
D:3:      layout_rooms, lemuel_round_altar, gup_sewer_entry_bowl,
          lemuel_flame_loot_1
D:4:      layout_loops_ring, kennysheep_mini, minitemple,
          minmay_temple_entry_wispy, uniq_ijyb
D:5:      layout_basic, minmay_divided_ellipse, uniq_edmund
D:6:      layout_cave_pools, mainiacjoe_overflow_boulevard
D:7:      layout_rooms, mainiacjoe_overflow_six_doors_small,
          hangedman_minor_gate_pass
D:8:      layout_loops_ring, lemuel_crystal_altar, david_lair_generic
D:9:      layout_cave_pools, orc_0_dummy, enter_bailey_2
D:10:     layout_big_octagon, nicolae_ashenzari_panopticon,
          gammafunk_ghost_cemetery
D:11:     layout_irregular_city, nicolae_titane, uniq_nergalle
D:12:     hangedman_what_comes_after_a, layout_long_grid
Temple:   cyrus_temple_forest
Lair:1:   layout_small_grid

Skill      XL: |  1  2  3  4  5  6  7  8  9 10 11 12 |
---------------+-------------------------------------+-----
Translocations | 2 3 4 5 6 |  6.0
Conjurations   | 1 2 3 4 5 7 8 10 11 12 | 12.4
Hexes          | 2 5 7 8 10 11 | 11.3
Shields        | 4 6 8 9 |  9.2
Fighting       | |  1.0
Armour         | |  1.0
Dodging        | |  1.0
Stealth        | |  1.5
Unarmed Combat | |  4.0
Spellcasting   | |  1.0

Action                     |  1- 3 |  4- 6 |  7- 9 | 10-12 || total
---------------------------+-------+-------+-------+-------++-------
  Melee: Club              |    40 |       |       |       ||    40
         Punch             |     3 |     3 |       |       ||     6
         Spear             |    18 |       |       |       ||    18
         Dagger            |     3 |   190 |    63 |       ||   256
         Staff             |       |       |    39 |    60 ||    99
         Unarmed           |       |       |     2 |       ||     2
         Short sword       |       |       |    39 |       ||    39
         Quick blade       |       |       |       |     8 ||     8
   Cast: Momentum Strike   |     7 |    48 |    90 |    15 ||   160
         Blink             |       |       |     3 |       ||     3
         Fulminant Prism   |       |       |    31 |   177 ||   208
Ability: Spit Poison       |    24 |    21 |    33 |    12 ||    90
  Evoke: Wand              |       |       |       |     2 ||     2
    Use: Scroll            |       |     3 |     6 |    24 ||    33
         Potion            |       |     1 |       |       ||     1
   Stab: Sleeping          |       |     2 |       |       ||     2
 Armour: Leather armour    |    70 |       |       |       ||    70
         Robe              |     1 |   123 |   149 |   121 ||   394
  Dodge: Dodged            |    50 |   119 |   125 |   112 ||   406
  Block: Buckler           |       |     9 |   110 |   144 ||   263
